Map: Galactic Process LE

Players

TYTY (TY) - Winner!

  • Race: Terran Terran

Nerchio

  • Race: Zerg Zerg

Event: 2016 WCS Global Finals

VOD

Have the link to the VOD?

Description

Time

  • Played on: Oct. 28, 2016, 1:41 p.m.
  • Length: 32:18

All games in this series

Show
View Real Time Build Order
Export as new Build Order

TYTY Terran - Winner!

Build Orders: Reaper Expand 

Get SALT Encoding   

  12  0:00  SCV  
  13  0:12  SCV  
  14  0:17  Supply Depot  
  14  0:24  SCV  
  15  0:29  Refinery  
  15  0:38  SCV  
  16  0:44  Barracks  
  16  0:50  SCV  
  17  1:02  SCV  
  18  1:15  SCV  
  19  1:31  Reaper, Orbital Command  
  20  1:43  Command Center  
  20  1:53  Factory  
  20  1:58  SCV  
  21  2:06  Barracks Reactor  
  21  2:09  Supply Depot  
  21  2:10  SCV  
  22  2:22  SCV  
  23  2:34  SCV  
  24  2:43  Starport  
  24  2:44  Marine x2  
  24  2:46  SCV  
  27  2:53  Widow Mine  
  28  2:58  SCV  
  28  2:59  Refinery  
  28  3:02  Marine  
  31  3:10  SCV  
  31  3:17  Marine  
  31  3:18  Orbital Command  
  31  3:19  Marine  
  32  3:23  SCV  
  32  3:26  Medivac  
  36  3:28  Supply Depot  
  36  3:30  Factory Tech Lab  
  36  3:35  SCV, Marine  
  36  3:37  Marine  
  39  3:45  SCV  
  39  3:47  SCV  
  41  3:52  Supply Depot  
  41  3:54  Siege Tank  
  44  3:57  SCV  
  44  3:59  SCV  
  44  4:00  Marine x2  
  48  4:09  SCV  
  49  4:11  SCV  
  49  4:12  Medivac  
  49  4:15  Supply Depot  
  52  4:17  Marine  
  52  4:18  Marine  
  52  4:21  SCV  
  52  4:23  SCV  
  54  4:33  SCV  
  54  4:36  Siege Tank  
  54  4:38  Marine, Command Center  
  58  4:45  Liberator  
  58  4:51  SCV x2  
  59  4:54  Supply Depot  
  59  4:56  Marine  
  59  4:57  Marine  
  63  5:08  SCV x2  
  65  5:17  Marine x2  
  65  5:24  SCV x2  
  65  5:28  Refinery, Siege Tank  
  67  5:29  Refinery, Supply Depot  
  67  5:35  Marine x2  
  70  5:38  Liberator  
  70  5:39  SCV x2  
  74  5:50  Barracks x2  
  74  5:51  SCV x2  
  74  5:52  Engineering Bay  
  74  5:53  Engineering Bay  
  79  5:58  SCV  
  79  5:59  Marine  
  79  6:00  Marine  
  79  6:03  SCV  
  75  6:12  SCV x2  
  76  6:22  Siege Tank  
  76  6:25  SCV x2, Marine x2  
  71  6:35  Orbital Command  
  71  6:37  SCV x2  
  73  6:41  Barracks Tech Lab  
  73  6:42  Barracks Tech Lab  
  73  6:43  Marine x2  
  73  6:45  Terran Infantry Weapons Level 1  
  75  6:49  SCV x2  
  75  6:52  Terran Infantry Armor Level 1  
  74  7:00  Marine x2  
  72  7:01  SCV x2, Marine x2  
  72  7:04  Siege Tank  
  79  7:12  Orbital Command  
  79  7:15  Stimpack  
  79  7:16  SCV x2  
  79  7:17  Supply Depot, Bunker  
  79  7:18  Supply Depot, Marine x2  
  79  7:19  Marine, Supply Depot  
  79  7:21  Starport Reactor  
  81  7:24  Marine  
  81  7:28  SCV x2  
  84  7:33  Supply Depot  
  84  7:36  Marine x2  
  86  7:37  SCV  
  86  7:38  Siege Tank  
  86  7:40  SCV x2  
  92  7:49  SCV  
  93  7:52  Refinery, SCV x2, Marine x2  
  93  7:58  Barracks x2, Medivac  
  99  7:59  Medivac  
  99  8:02  SCV  
  103  8:05  SCV  
  103  8:06  Armory  
  103  8:07  SCV  
  103  8:10  Marine  
  103  8:11  Supply Depot, Marine  
  103  8:12  Marine  
  106  8:13  Marine  
  106  8:18  Siege Tank  
  111  8:20  Combat Shields  
  111  8:23  SCV x2  
  113  8:28  Marine x2  
  113  8:29  Medivac  
  113  8:32  Marine x2  
  119  8:34  SCV  
  119  8:36  Refinery  
  119  8:37  Medivac  
  119  8:40  SCV x2  
  124  8:46  Marine x2, Missile Turret  
  126  8:50  Marine x2  
  126  8:52  Siege Tank  
  126  8:53  Barracks Reactor  
  126  8:54  Barracks Reactor  
  131  8:56  SCV x2  
  133  9:02  Supply Depot  
  133  9:04  Marine x2  
  135  9:11  Terran Infantry Weapons Level 2  
  135  9:13  Marine  
  135  9:14  Medivac  
  139  9:17  SCV x2  
  139  9:20  SCV  
  139  9:22  Marine  
  139  9:24  Terran Infantry Armor Level 2, Marine  
  141  9:25  Supply Depot  
  141  9:26  Command Center  
  142  9:37  Siege Tank  
  142  9:38  Medivac  
  147  9:41  Marine x2  
  149  9:47  Marine x4  
  149  9:49  Marine x2  
  149  9:50  Supply Depot  
  155  9:53  Supply Depot  
  155  9:58  Marine  
  155  9:59  Marine  
  157  10:08  Marine  
  157  10:09  Siege Tank  
  142  10:17  Medivac x2  
  142  10:18  Marine x2  
  142  10:20  Marine x2  
  137  10:24  Marine  
  137  10:30  Liberator x2  
  137  10:31  Marauder x2, Marine  
  140  10:36  Marine x2  
  140  10:37  Marine  
  143  10:44  Marine x2  
  143  10:47  Barracks  
  143  10:49  Marine  
  152  10:50  Sensor Tower  
  152  10:52  Marauder x2  
  152  10:54  Siege Tank, Marine  
  152  10:56  Marine x2  
  162  11:01  Marine x2  
  164  11:06  Marine  
  164  11:10  Barracks  
  165  11:12  Marine  
  165  11:14  Marauder x2, Marine x2  
  165  11:16  Planetary Fortress  
  172  11:23  Liberator x2  
  169  11:29  Terran Infantry Weapons Level 3  
  169  11:35  Marauder x2  
  169  11:36  Marine x2  
  169  11:37  Marine x2, Barracks Tech Lab  
  169  11:38  SCV x2  
  169  11:39  SCV  
  180  11:41  Ghost Academy  
  186  11:55  Sensor Tower  
  186  11:56  Marauder x2  
  186  12:00  Factory Reactor, Command Center  
  183  12:03  Barracks Tech Lab  
  183  12:06  Concussive Shells  
  182  12:20  Marauder x3, Marine x4  
  188  12:27  Supply Depot  
  188  12:28  Supply Depot  
  188  12:31  Liberator x2  
  188  12:35  Terran Infantry Armor Level 3  
  187  12:37  Terran Vehicle And Ship Armor Level 1  
  187  12:48  Widow Mine x2  
  184  13:04  Ghost x4  
  185  13:10  Command Center  
  185  13:18  Widow Mine x2  
  188  13:21  Refinery x2  
  188  13:23  Liberator x2  
  188  13:29  Missile Turret  
  193  13:46  Widow Mine  
  193  13:47  Widow Mine  
  193  13:48  Planetary Fortress  
  197  13:50  Ghost, Marine  
  197  13:53  Starport  
  200  14:10  Personal Cloaking  
  200  14:17  Liberator  
  200  14:18  Liberator  
  200  14:21  Ghost x2  
  193  14:36  Starport Reactor  
  193  14:37  Fusion Core, Starport Tech Lab  
  197  14:43  Refinery x2  
  189  14:46  Marine x4  
  189  14:47  Missile Turret  
  189  14:49  Marine x3  
  196  15:02  Hi-Sec Auto Tracking  
  196  15:04  Marine x4, Missile Turret x2  
  196  15:06  Missile Turret  
  200  15:09  Missile Turret  
  200  15:10  Missile Turret  
  200  15:11  Missile Turret  
  198  15:27  Advanced Ballistics  
  198  15:32  Barracks  
  198  15:34  Barracks x2  
  198  15:35  Ghost x2  
  198  15:36  Ghost  
  198  15:38  Ghost  
  198  15:39  Missile Turret  
  198  15:40  Planetary Fortress  
  197  15:49  Missile Turret  
  186  15:50  Missile Turret, Command Center  
  186  15:51  Command Center  
  186  15:56  Medivac x2, Liberator  
  190  15:59  Missile Turret  
  190  16:03  Ghost  
  190  16:04  Ghost  
  197  16:25  Orbital Command  
  165  16:48  Liberator x2  
  165  16:51  SCV  
  166  16:57  Barracks Reactor, Missile Turret, Barracks Tech Lab  
  166  17:04  Missile Turret  
  166  17:06  Ghost, Liberator  
  166  17:07  Ghost  
  176  17:09  Orbital Command  
  176  17:10  SCV x2  
  176  17:11  SCV x2  
  176  17:12  Orbital Command x2  
  180  17:18  Orbital Command  
  180  17:29  Marauder, Marine x4  
  188  17:30  Marauder, Liberator  
  188  17:34  SCV x2  
  184  17:38  Orbital Command  
  184  17:42  SCV x2  
  186  17:46  SCV x3, Missile Turret  
  186  17:49  Terran Vehicle And Ship Armor Level 2  
  189  18:12  Marauder, Marine x4  
  197  18:13  Marauder  
  197  18:23  Widow Mine  
  197  18:27  Command Center  
  199  18:39  Missile Turret  
  199  18:40  Missile Turret  
  196  19:05  Liberator  
  196  19:06  Liberator  
  175  19:20  Marauder x2, Marine x3  
  175  19:21  Marine x4  
  175  19:22  Marauder x2  
  187  19:25  Widow Mine x2  
  187  19:26  Missile Turret  
  187  19:27  Marine  
  187  19:28  Marauder x2  
  196  19:38  Marine x3  
  199  19:39  Marine  
  199  19:40  Command Center  
  200  19:52  Missile Turret  
  199  20:09  Unknown x2  
  185  20:47  Marauder x2  
  189  20:59  Marine x2  
  189  21:00  Marauder x2, Marine x2  
  195  21:08  Command Center  
  195  21:29  Terran Vehicle And Ship Armor Level 3  
  200  21:40  Ghost  
  200  21:41  Ghost  
  199  21:49  Planetary Fortress  
  197  21:54  Ghost  
  197  21:59  Sensor Tower  
  199  22:11  Missile Turret  
  199  22:13  Sensor Tower, Marine  
  199  22:15  Missile Turret, Unknown x2  
  200  22:21  Liberator x2  
  191  22:26  Liberator  
  170  22:34  Marauder x2, Marine x5  
  179  22:43  Widow Mine  
  179  22:44  Widow Mine  
  192  22:53  Missile Turret x3  
  185  23:04  Liberator x2  
  181  23:09  Marine x2, Liberator  
  181  23:10  Marauder x2  
  185  23:17  Orbital Command  
  190  23:31  Marine x2  
  190  23:32  Marine x5  
  190  23:33  Orbital Command  
  195  23:39  Marine x4  
  184  23:56  SCV x2  
  170  24:18  Orbital Command  
  170  24:23  Medivac  
  159  24:27  Marauder x2, Marine x4  
  159  24:31  Widow Mine x2  
  164  24:33  Marine  
  169  24:38  Supply Depot  
  169  24:39  Supply Depot x2  
  169  24:40  Supply Depot  
  169  24:45  Unknown  
  169  24:46  Unknown x5  
  169  24:47  Unknown  
  169  24:59  Marine x2  
  167  25:00  Marine x3  
  167  25:01  Marauder x4, Marine x2  
  167  25:04  Medivac x2  
  186  25:20  Missile Turret  
  183  25:29  Missile Turret x2  
  183  25:33  SCV x5, Missile Turret  
  185  25:52  SCV  
  185  25:54  Ghost x2  
  190  25:58  Ghost  
  192  26:05  Orbital Command  
  192  26:14  Sensor Tower  
  192  26:17  Missile Turret x2  
  192  26:38  Missile Turret  
  192  26:43  Ghost  
  192  26:46  Medivac  
  192  26:54  Liberator  
  192  26:57  Medivac  
  189  27:04  Missile Turret  
  189  27:11  Liberator  
  189  27:12  Missile Turret, Liberator  
  189  27:13  Command Center  
  192  27:18  Supply Depot  
  192  27:19  Orbital Command  
  192  27:28  Widow Mine x2  
  179  27:36  Ghost  
  179  27:37  Ghost x3, Marine x5  
  159  27:38  Marauder, Marine  
  169  28:15  Marine x4  
  169  28:16  SCV, Marauder x2  
  169  28:19  Widow Mine x2  
  180  28:23  Marine x5  
  187  28:36  Marauder x2  
  187  28:38  Marauder, Marine x3  
  187  28:39  Marauder  
  187  28:40  SCV  
  199  28:41  Refinery  
  199  28:42  Refinery  
  199  28:51  Missile Turret  
  195  28:58  Missile Turret  
  195  28:59  Missile Turret  
  195  29:07  Planetary Fortress  
  195  29:11  Sensor Tower  
  195  29:12  Missile Turret  
  195  29:13  Missile Turret  
  195  29:15  Medivac  
  195  29:16  Medivac  
  199  29:33  Marine  
  200  29:42  Unknown x10  
  199  29:51  Marine x6  
  195  29:55  Unknown x8  
  195  29:58  Refinery  
  192  30:48  Marine x2  
  192  30:49  Marauder x2  
  191  30:58  Marine x6  
  160  31:09  Marine x4  
  160  31:10  Marauder x2, Marine x2  
  162  31:13  Missile Turret  
  162  31:16  Marine x4, Missile Turret x2  
  162  31:18  Missile Turret  
  150  31:34  Marauder x2, Marine x4  
  148  31:46  Marauder x2, Marine x4  
  147  31:48  Viking x2  
  147  31:51  Unknown x4  
  147  31:52  Marine x6, Unknown x8  
  154  31:55  Marine  
Show
View Real Time Build Order
Export as new Build Order

Nerchio Zerg 

Build Orders: Pool First 

Get SALT Encoding   

  12  0:00  Drone  
  13  0:12  Overlord  
  13  0:17  Drone  
  14  0:31  Drone x2  
  14  0:34  Drone  
  17  0:46  Spawning Pool  
  17  0:49  Drone  
  17  1:10  Hatchery  
  16  1:13  Drone  
  16  1:16  Extractor  
  17  1:18  Drone  
  17  1:23  Drone  
  18  1:32  Queen  
  20  1:35  Zergling x2  
  21  1:40  Drone  
  22  1:49  Overlord  
  22  2:07  Drone  
  23  2:09  Queen  
  23  2:12  Drone  
  23  2:15  Metabolic Boost  
  26  2:21  Queen  
  28  2:24  Drone  
  29  2:33  Drone x3  
  32  2:43  Overlord  
  32  2:44  Drone  
  33  2:46  Drone  
  34  2:52  Drone  
  34  2:53  Drone  
  35  3:05  Hatchery  
  35  3:08  Zergling x2  
  35  3:11  Zergling x4  
  37  3:13  Zergling x2  
  37  3:16  Zergling x2  
  40  3:20  Drone x2  
  40  3:22  Drone  
  42  3:30  Roach Warren  
  42  3:31  Overlord  
  41  3:35  Drone x2  
  43  3:42  Drone  
  43  3:43  Overlord  
  44  3:49  Overlord  
  44  3:50  Drone x2  
  44  3:51  Drone  
  44  3:53  Drone  
  44  3:55  Drone  
  49  4:02  Zergling x8  
  53  4:07  Overlord  
  53  4:11  Queen  
  55  4:17  Extractor  
  55  4:24  Zergling x14  
  58  4:32  Roach x3  
  64  4:49  Drone x5  
  64  4:50  Drone  
  65  4:53  Drone  
  65  4:59  Lair  
  63  5:01  Drone x3  
  63  5:02  Evolution Chamber  
  63  5:04  Drone, Evolution Chamber  
  63  5:05  Drone x2, Queen  
  68  5:09  Ravager  
  68  5:12  Overlord  
  68  5:13  Drone x2  
  70  5:21  Overlord  
  70  5:27  Overlord  
  70  5:33  Zerg Ground Armor Level 1  
  70  5:34  Drone x8  
  78  5:36  Overlord  
  78  5:38  Extractor  
  78  5:39  Extractor, Roach  
  78  5:44  Roach  
  78  5:45  Queen  
  78  5:48  Roach x2  
  86  5:57  Roach  
  86  5:58  Roach  
  91  6:04  Roach  
  91  6:05  Roach  
  91  6:06  Zergling x12  
  95  6:11  Roach  
  95  6:16  Spore Crawler, Zergling x6  
  95  6:17  Zergling x2  
  96  6:22  Queen  
  96  6:23  Queen  
  96  6:24  Zergling x2  
  96  6:25  Zergling x2  
  95  6:26  Queen  
  95  6:29  Drone x2  
  85  6:32  Drone  
  85  6:36  Spore Crawler  
  85  6:37  Glial Reconstitution  
  84  6:47  Drone x4  
  79  6:53  Drone  
  78  6:54  Drone  
  78  6:58  Drone, Queen  
  76  7:02  Drone  
  76  7:06  Drone  
  76  7:07  Drone x3  
  76  7:08  Zerg Melee Weapons Level 1  
  81  7:11  Infestation Pit  
  81  7:13  Drone x2  
  81  7:17  Drone  
  81  7:20  Drone  
  81  7:22  Queen x2  
  83  7:24  Drone  
  88  7:30  Zerg Ground Armor Level 2  
  88  7:33  Drone x2  
  88  7:34  Drone, Extractor  
  88  7:35  Drone  
  91  7:38  Extractor  
  91  7:39  Drone x2  
  91  7:40  Drone  
  93  7:50  Roach, Hatchery  
  93  7:51  Roach  
  96  7:53  Infestor  
  96  7:56  Overseer, Overlord  
  98  8:00  Overlord  
  98  8:01  Overlord  
  98  8:06  Overlord  
  98  8:09  Roach x2  
  98  8:10  Roach  
  104  8:13  Overlord  
  104  8:18  Roach  
  104  8:19  Roach x2  
  110  8:23  Hive  
  110  8:30  Burrow, Roach x2  
  110  8:32  Extractor  
  110  8:34  Ravager x4  
  117  8:35  Drone x3  
  117  8:40  Overlord x2  
  120  8:44  Roach x2  
  120  8:47  Roach  
  120  8:48  Roach  
  128  8:49  Roach  
  128  8:52  Overlord  
  128  8:54  Overlord  
  130  8:56  Overlord  
  130  9:01  Overlord  
  129  9:10  Roach x5  
  129  9:11  Roach x2  
  143  9:17  Roach x4  
  143  9:21  Zerg Melee Weapons Level 2  
  151  9:31  Infestor x2  
  146  9:36  Roach x7  
  164  9:39  Zergling x2  
  164  9:40  Zergling x4  
  167  9:47  Roach  
  167  9:48  Roach x2  
  172  9:55  Roach x6  
  172  9:57  Ravager, Overlord  
  183  10:03  Overlord x2  
  183  10:06  Overlord  
  154  10:15  Roach x3  
  154  10:19  Infestor x2  
  145  10:24  Drone x2  
  145  10:27  Extractor  
  145  10:28  Infestor  
  142  10:31  Zergling x10  
  142  10:34  Zergling x2  
  144  10:36  Drone x2  
  144  10:41  Infestor  
  145  10:46  Drone x3  
  145  10:47  Drone x3  
  151  10:59  Hatchery  
  151  11:00  Zergling x8  
  151  11:01  Zergling x2  
  151  11:03  Zergling x2  
  156  11:08  Ravager x4  
  156  11:10  Zergling x6  
  156  11:11  Zergling x4  
  165  11:12  Zergling x2  
  166  11:18  Zergling x6  
  166  11:19  Ultralisk Cavern  
  165  11:36  Extractor  
  165  11:37  Zerg Ground Armor Level 3  
  165  11:38  Drone x3  
  167  11:41  Pneumatized Carapace, Overlord  
  167  11:43  Zergling x2  
  167  11:44  Zergling x4  
  170  11:50  Drone x3  
  170  11:52  Overlord  
  173  11:58  Overlord  
  169  12:01  Adrenal Glands  
  169  12:02  Extractor  
  168  12:13  Chitinous Plating  
  168  12:19  Ultralisk  
  168  12:21  Drone x3  
  168  12:22  Drone  
  176  12:31  Zergling x2  
  176  12:32  Ultralisk  
  183  12:39  Ultralisk  
  184  12:52  Ultralisk  
  184  12:58  Zergling x16  
  187  12:59  Zergling x8  
  197  13:06  Zerg Melee Weapons Level 3  
  197  13:16  Overseer  
  197  13:18  Spore Crawler x2  
  195  13:23  Zergling x8  
  199  13:31  Hatchery  
  199  13:32  Spire  
  192  13:37  Extractor  
  191  13:48  Overlord  
  191  13:49  Baneling Nest  
  190  14:06  Spore Crawler, Overlord  
  190  14:08  Spore Crawler  
  185  14:25  Zerg Missile Weapons Level 1  
  184  14:39  Extractor  
  184  14:44  Centrifical Hooks  
  181  14:45  Corruptor  
  181  14:46  Corruptor x8  
  181  14:52  Baneling x10  
  199  14:53  Baneling x8  
  199  15:01  Extractor  
  197  15:17  Queen  
  199  15:28  Baneling x22  
  199  15:29  Baneling x2  
  199  15:35  Zergling x2  
  200  16:08  Zerg Flyer Weapons Level 1  
  191  16:42  Corruptor x5  
  188  16:48  Zergling x20  
  188  16:50  Queen x4  
  188  16:53  Corruptor x3  
  199  17:08  Hatchery  
  197  17:10  Corruptor  
  198  17:35  Corruptor  
  199  17:43  Zergling x18  
  200  17:47  Zerg Missile Weapons Level 2  
  200  17:51  Overseer  
  194  17:59  Zergling x12  
  194  18:04  Infestor x2  
  192  18:09  Zergling x14, Overseer  
  199  18:15  Zergling x2  
  200  18:29  Zerg Flyer Armor Level 1  
  200  18:43  Extractor  
  194  18:58  Zergling x12  
  194  18:59  Zergling x2  
  194  19:02  Corruptor x2  
  186  19:11  Zergling x2  
  186  19:12  Zergling x18  
  173  19:18  Corruptor x9  
  173  19:21  Corruptor x2  
  173  19:22  Zergling x4  
  173  19:23  Zergling x4  
  186  19:26  Corruptor  
  186  19:30  Zergling x2  
  186  19:31  Zergling x2  
  190  19:34  Zergling x6  
  190  19:35  Queen x2  
  190  19:38  Zergling x2  
  198  19:40  Hatchery  
  198  19:41  Zergling x4  
  199  19:47  Hatchery  
  192  19:58  Overseer x2  
  192  20:04  Zergling x2, Hatchery  
  192  20:05  Zergling x14  
  199  20:10  Hatchery  
  199  20:13  Zergling x10  
  193  20:17  Zergling x6  
  193  20:18  Zergling x2  
  193  20:19  Overlord x2  
  181  20:31  Zerg Flyer Armor Level 2, Overlord x2  
  164  20:42  Drone  
  164  20:43  Drone  
  164  20:45  Ultralisk  
  164  20:46  Ultralisk x3  
  164  20:47  Overlord x2  
  184  21:05  Zergling x14  
  182  21:13  Zergling x8  
  182  21:15  Zergling x2  
  182  21:17  Zergling x4  
  181  21:22  Infestor  
  181  21:24  Infestor  
  183  21:29  Infestor x2  
  187  21:38  Drone x5  
  187  21:39  Drone  
  193  21:42  Overseer x2  
  193  21:44  Drone  
  194  21:54  Baneling x12  
  194  22:02  Overseer x2  
  194  22:04  Drone x3  
  197  22:18  Zergling x12  
  164  22:30  Zergling x2  
  164  22:31  Zergling x22  
  164  22:33  Zergling x2  
  164  22:34  Zergling x4  
  164  22:36  Zergling x2  
  169  22:39  Baneling x6  
  169  22:42  Hatchery  
  168  22:46  Zergling x12  
  174  22:53  Zergling x10  
  177  23:01  Infestor x2  
  181  23:09  Infestor x2  
  182  23:16  Zergling x18  
  182  23:18  Baneling x4  
  182  23:19  Baneling  
  186  23:34  Zergling x10  
  186  23:38  Zergling x4  
  186  23:40  Zergling x2  
  187  23:45  Hatchery  
  178  23:48  Zergling x8  
  162  24:17  Zergling x16  
  162  24:18  Zergling x2  
  164  24:25  Zergling x4  
  164  24:26  Zergling x2  
  151  24:56  Hatchery  
  150  25:02  Baneling x13, Zergling x2  
  150  25:03  Zergling x6  
  150  25:05  Zergling x4  
  156  25:07  Zergling x2  
  156  25:11  Zergling x4  
  156  25:12  Zergling x2  
  151  25:18  Spore Crawler  
  151  25:21  Drone x2  
  142  25:23  Drone  
  142  25:26  Drone x2  
  146  25:30  Drone x2  
  146  25:33  Baneling x2  
  136  25:47  Zergling x14  
  143  26:03  Drone x3  
  143  26:04  Drone x2  
  144  26:14  Ultralisk  
  150  26:22  Ultralisk  
  154  26:29  Drone x3  
  152  26:35  Corruptor  
  152  26:37  Corruptor  
  149  26:53  Spore Crawler  
  143  27:03  Greater Spire  
  143  27:10  Zergling x12  
  143  27:11  Zergling x2  
  150  27:20  Hatchery  
  134  27:33  Zergling x18  
  132  27:37  Zergling x6  
  132  27:38  Zergling x12  
  132  27:43  Zergling x4  
  143  27:47  Baneling x7  
  143  27:48  Zergling x2  
  143  27:50  Zergling x2  
  145  27:54  Zergling x2  
  145  27:55  Zergling x4  
  141  28:22  Brood Lord x6  
  153  28:33  Hatchery  
  152  28:39  Corruptor  
  154  28:43  Corruptor  
  156  28:50  Extractor  
  156  28:53  Corruptor  
  155  28:58  Corruptor  
  157  29:05  Overseer  
  157  29:06  Overseer  
  154  29:34  Corruptor  
  143  29:46  Zergling x26  
  143  29:47  Zergling x6  
  148  30:01  Extractor x2  
  146  30:11  Corruptor  
  148  30:17  Baneling x2  
  146  30:38  Zergling x2  
  146  30:39  Zergling x38  
  166  30:46  Zergling x2  
  166  30:49  Corruptor x2  
  160  31:03  Corruptor  
  144  31:06  Zergling x12  
  144  31:07  Zergling x4  
  144  31:10  Zergling x2  
  153  31:14  Baneling x4  
  153  31:19  Zergling x4  
  146  31:32  Zergling x4  
  114  31:46  Corruptor  
  92  32:01  Zergling x2  
Tags
 
Add a new tag
Caveats
  • Supply blocks, unpowered buildings, or Contaminate may cause inaccurate times.
  • Supply counts are checked every 10 seconds.